TOP OF THE 1ST |
Redwood City Redwoods batting - Pitching for Las Vegas Stars : RHP Harvey Bradridge
|
Pitching: RHP Harvey Bradridge
|
|
Batting: RHB Robert Downing
|
0-0: Ball 1-0: Foul Ball, location: 2F 1-1: Ball 2-1: Ball 3-1: Swinging Strike 3-2: Strikes out looking
|
Batting: LHB Keith Green
|
0-0: Ball 1-0: Ball 2-0: Ball 3-0: Called Strike 3-1: Fly out, F7 (Flyball, 7)
|
Pitching: RHP Blake Koepke
|
|
Batting: LHB Marcos Pérez
|
0-0: Ball 1-0: Ground out 3-1 (Groundball, 34S)
|
Top of the 1st over - 0 run(s), 0 hit(s), 0 error(s), 0 left on base; Redwood City 0 - Las Vegas 0 |
BOTTOM OF THE 1ST |
Las Vegas Stars batting - Pitching for Redwood City Redwoods : RHP Will Jackson
|
Pitching: RHP Will Jackson
|
|
Batting: SHB Richard Griffin
|
0-0: Fly out, F8 (Flyball, 89D)
|
Batting: RHB Pedro Mata
|
0-0: Ball 1-0: Ball 2-0: Called Strike 2-1: Foul Ball, location: 2F 2-2: Ball 3-2: Base on Balls
|
Batting: LHB Paco Rivera
|
0-0: Ball 1-0: Foul Ball, location: 2F 1-1: Foul Ball, location: 2F 1-2: Ball 2-2: Grounds into double play, 4-6-3 (Groundball, 4)
|
Bottom of the 1st over - 0 run(s), 0 hit(s), 0 error(s), 0 left on base; Redwood City 0 - Las Vegas 0 |
TOP OF THE 2ND |
Redwood City Redwoods batting - Pitching for Las Vegas Stars : RHP Blake Koepke
|
Batting: LHB Bill McCraney
|
0-0: Ball 1-0: Ball 2-0: Foul Ball, location: 2F 2-1: Ball 3-1: Base on Balls
|
Batting: LHB Vicente Chávez
|
0-0: Grounds into double play, 5-4-3 (Groundball, 56)
|
Batting: RHB Richie Miller
|
0-0: Ball 1-0: Ground out 6-3 (Groundball, 6D)
|
Top of the 2nd over - 0 run(s), 0 hit(s), 0 error(s), 0 left on base; Redwood City 0 - Las Vegas 0 |
BOTTOM OF THE 2ND |
Las Vegas Stars batting - Pitching for Redwood City Redwoods : RHP Will Jackson
|
Batting: SHB Sloan James
|
0-0: Ground out U3 (Groundball, 34)
|
Batting: LHB Clint Parkinson
|
0-0: Ball 1-0: Ball 2-0: Ball 3-0: Base on Balls
|
Batting: RHB Jonathan MacVey
|
0-0: Foul Ball, location: 2F 0-1: Ball 1-1: Swinging Strike 1-2: Ball 2-2: Ball 3-2: Foul Ball, location: 2F 3-2: Ground out 5-3 (Groundball, 56S) Clint Parkinson to second
|
Batting: RHB Brandon Pope
|
0-0: Ball 1-0: Ball 2-0: DOUBLE (Line Drive, 7LM) Clint Parkinson scores
|
Batting: RHB Glenn Broadwater
|
0-0: Ball 1-0: Ball 2-0: Ball 3-0: Called Strike 3-1: Base on Balls
|
Batting: RHB Bobby Miller
|
0-0: Called Strike 0-1: Ball 1-1: Foul Ball, location: 2F 1-2: Foul Ball, location: 2F 1-2: Fly out, F4 (Popup, 4D)
|
Bottom of the 2nd over - 1 run(s), 1 hit(s), 0 error(s), 2 left on base; Redwood City 0 - Las Vegas 1 |
TOP OF THE 3RD |
Redwood City Redwoods batting - Pitching for Las Vegas Stars : RHP Blake Koepke
|
Batting: RHB Bob Campbell
|
0-0: Ball 1-0: Called Strike 1-1: Foul Ball, location: 2F 1-2: SINGLE (Line Drive, 8LS)
|
Batting: RHB Jesús Cuevas
|
0-0: Called Strike 0-1: Fly out, F9 (Flyball, 9S)
|
Batting: RHB David Strickland
|
0-0: Ball 1-0: SINGLE (Line Drive, 7LS) Bob Campbell to second
|
Batting: RHB Robert Downing
|
0-0: Called Strike 0-1: Foul Ball, location: 2F 0-2: Foul Ball, location: 2F 0-2: SINGLE (Line Drive, 7LM) Bob Campbell to third David Strickland to second Runner from 3rd tries for Home, SAFE, no throw
|
Batting: LHB Keith Green
|
0-0: Ball 1-0: Called Strike 1-1: Fielders Choice at 2nd, 4-6 (Groundball, 4) David Strickland to third
|
Batting: LHB Marcos Pérez
|
0-0: Ball 1-0: Fly out, F7 (Flyball, 7LS)
|
Top of the 3rd over - 1 run(s), 3 hit(s), 0 error(s), 2 left on base; Redwood City 1 - Las Vegas 1 |
BOTTOM OF THE 3RD |
Las Vegas Stars batting - Pitching for Redwood City Redwoods : RHP Will Jackson
|
Batting: SHB Richard Griffin
|
0-0: Called Strike 0-1: Called Strike 0-2: Ball 1-2: Fly out, F8 (Flyball, 78D)
|
Batting: RHB Pedro Mata
|
0-0: Ball 1-0: Ball 2-0: Ball 3-0: Called Strike 3-1: SINGLE (Groundball, 6MD)
|
Batting: LHB Paco Rivera
|
0-0: Ball 1-0: Called Strike 1-1: Ball 2-1: DOUBLE (Line Drive, 7D) Pedro Mata to third
|
Batting: SHB Sloan James
|
0-0: Ball 1-0: Ball 2-0: Ball 3-0: Ground out 4-3 (Groundball, 4) Pedro Mata scores Paco Rivera to third
|
Batting: LHB Clint Parkinson
|
0-0: Ball 1-0: Foul Ball, location: 2F 1-1: Ball 2-1: Swinging Strike 2-2: SINGLE (Line Drive, 9LS) Paco Rivera scores
|
Batting: RHB Jonathan MacVey
|
0-0: Ball Wild Pitch! Clint Parkinson to second 1-0: Ball 2-0: Ball 3-0: Base on Balls
|
Batting: RHB Brandon Pope
|
0-0: Ball 1-0: Ball 2-0: Called Strike 2-1: Ball 3-1: Fly out, F6 (Line Drive, 6M)
|
Bottom of the 3rd over - 2 run(s), 3 hit(s), 0 error(s), 2 left on base; Redwood City 1 - Las Vegas 3 |
TOP OF THE 4TH |
Redwood City Redwoods batting - Pitching for Las Vegas Stars : RHP Blake Koepke
|
Batting: LHB Bill McCraney
|
0-0: Called Strike 0-1: Fly out, F8 (Flyball, 89M)
|
Batting: LHB Vicente Chávez
|
0-0: Ball 1-0: Ball 2-0: SINGLE (Groundball, 4MD)
|
Batting: RHB Richie Miller
|
0-0: Ball 1-0: Ball 2-0: Ball 3-0: Base on Balls Vicente Chávez to second
|
Batting: RHB Bob Campbell
|
0-0: Called Strike 0-1: Ball 1-1: Ball 2-1: Called Strike 2-2: Ball 3-2: Base on Balls Vicente Chávez to third Richie Miller to second
|
Batting: RHB Jesús Cuevas
|
0-0: Called Strike 0-1: SINGLE (Line Drive, 6) Vicente Chávez scores Richie Miller to third Bob Campbell to second Runner from 3rd tries for Home, SAFE, throw made home Bob Campbell to third Jesús Cuevas to second
|
Pitching: RHP Terry Adams
|
|
Batting: RHB David Strickland
|
0-0: Called Strike 0-1: Ground out 5-3 (Groundball, 5)
|
Batting: RHB Robert Downing
|
0-0: Called Strike 0-1: Ball 1-1: Called Strike 1-2: Ball 2-2: Foul Ball, location: 2F 2-2: Strikes out swinging
|
Top of the 4th over - 2 run(s), 2 hit(s), 0 error(s), 2 left on base; Redwood City 3 - Las Vegas 3 |
BOTTOM OF THE 4TH |
Las Vegas Stars batting - Pitching for Redwood City Redwoods : RHP Will Jackson
|
Batting: RHB Glenn Broadwater
|
0-0: Ball 1-0: Ball 2-0: Foul Ball, location: 2F 2-1: Fly out, F7 (Flyball, 7)
|
Batting: RHB Bobby Miller
|
0-0: Foul Ball, location: 2F 0-1: Foul Ball, location: 2F 0-2: Foul Ball, location: 2F 0-2: Ball 1-2: Reached on error, E6 (Groundball, 6)
|
Batting: SHB Richard Griffin
|
0-0: Ball 1-0: Foul Ball, location: 2F 1-1: Swinging Strike 1-2: Ground out 3-1 (Groundball, 34S) Bobby Miller to third
|
Batting: RHB Pedro Mata
|
0-0: Ball 1-0: Ball 2-0: Fly out, F4 (Popup, 34D)
|
Bottom of the 4th over - 0 run(s), 0 hit(s), 1 error(s), 1 left on base; Redwood City 3 - Las Vegas 3 |
TOP OF THE 5TH |
Redwood City Redwoods batting - Pitching for Las Vegas Stars : RHP Terry Adams
|
Batting: LHB Keith Green
|
0-0: Called Strike 0-1: Foul Ball, location: 2F 0-2: Strikes out swinging
|
Batting: LHB Marcos Pérez
|
0-0: Ball 1-0: SINGLE (Groundball, 3) (infield hit)
|
Batting: LHB Bill McCraney
|
0-0: Ball Marcos Pérez steals 2nd base 1-0: SINGLE (Groundball, 4MD) Marcos Pérez to third Runner from 3rd tries for Home, throw and OUT!
|
Batting: LHB Vicente Chávez
|
0-0: Foul Ball, location: 2F 0-1: SINGLE (Groundball, 6D) Bill McCraney to second
|
Batting: RHB Richie Miller
|
0-0: Foul Ball, location: 2F 0-1: Ball 1-1: Foul Ball, location: 2F 1-2: Foul Ball, location: 2F 1-2: Fly out, F9 (Flyball, 9S)
|
Top of the 5th over - 0 run(s), 3 hit(s), 0 error(s), 2 left on base; Redwood City 3 - Las Vegas 3 |
BOTTOM OF THE 5TH |
Las Vegas Stars batting - Pitching for Redwood City Redwoods : RHP Will Jackson
|
Batting: LHB Paco Rivera
|
0-0: Ball 1-0: Fly out, F8 (Flyball, 8RXD)
|
Batting: SHB Sloan James
|
0-0: Fly out, F5 (Line Drive, 5)
|
Batting: LHB Clint Parkinson
|
0-0: Foul Ball, location: 2F 0-1: Foul Ball, location: 2F 0-2: Ground out U3 (Groundball, 3)
|
Bottom of the 5th over - 0 run(s), 0 hit(s), 0 error(s), 0 left on base; Redwood City 3 - Las Vegas 3 |
TOP OF THE 6TH |
Redwood City Redwoods batting - Pitching for Las Vegas Stars : RHP Terry Adams
|
Batting: RHB Bob Campbell
|
0-0: Fly out, F8 (Flyball, 8RS)
|
Batting: RHB Jesús Cuevas
|
0-0: Swinging Strike 0-1: Ball 1-1: Ground out 4-3 (Groundball, 4)
|
Batting: RHB David Strickland
|
0-0: Ball 1-0: SINGLE (Groundball, 34D)
|
Batting: RHB Robert Downing
|
0-0: Swinging Strike 0-1: Called Strike David Strickland steals 2nd base 0-2: Ball 1-2: Ball 2-2: Strikes out swinging
|
Top of the 6th over - 0 run(s), 1 hit(s), 0 error(s), 1 left on base; Redwood City 3 - Las Vegas 3 |
BOTTOM OF THE 6TH |
Las Vegas Stars batting - Pitching for Redwood City Redwoods : RHP Will Jackson
|
Batting: RHB Jonathan MacVey
|
0-0: Ball 1-0: Called Strike 1-1: Called Strike 1-2: Ball 2-2: Fly out, F8 (Flyball, 8LM)
|
Batting: RHB Brandon Pope
|
0-0: Foul Ball, location: 2F 0-1: Swinging Strike 0-2: Strikes out swinging
|
Batting: RHB Glenn Broadwater
|
0-0: Called Strike 0-1: Ball 1-1: Ball 2-1: Ball 3-1: Base on Balls
|
Pitching: RHP José Córdova
|
|
Batting: RHB Bobby Miller
|
0-0: Ball 1-0: Ball Balk! Glenn Broadwater to second 2-0: SINGLE (Line Drive, 7S) Glenn Broadwater to third
|
Batting: SHB Richard Griffin
|
0-0: Ball 1-0: Ball 2-0: Foul Ball, location: 2F 2-1: Swinging Strike 2-2: Fly out, F7 (Line Drive, 78S)
|
Bottom of the 6th over - 0 run(s), 1 hit(s), 0 error(s), 2 left on base; Redwood City 3 - Las Vegas 3 |
TOP OF THE 7TH |
Redwood City Redwoods batting - Pitching for Las Vegas Stars : RHP Terry Adams
|
Batting: LHB Keith Green
|
0-0: Fly out, F6 (Popup, 6MD)
|
Pitching: RHP Roberto Moreno
|
|
Batting: LHB Marcos Pérez
|
0-0: Called Strike 0-1: SINGLE (Line Drive, 7S)
|
Batting: LHB Bill McCraney
|
0-0: Ball 1-0: Ball 2-0: Called Strike 2-1: Ball 3-1: Base on Balls Marcos Pérez to second
|
Batting: LHB Vicente Chávez
|
0-0: Foul Ball, location: 2F 0-1: Ball 1-1: Fly out, F8 (Flyball, 8RS)
|
Batting: RHB Richie Miller
|
0-0: Ball 1-0: Called Strike 1-1: Foul Ball, location: 2F 1-2: Strikes out swinging
|
Top of the 7th over - 0 run(s), 1 hit(s), 0 error(s), 2 left on base; Redwood City 3 - Las Vegas 3 |
BOTTOM OF THE 7TH |
Las Vegas Stars batting - Pitching for Redwood City Redwoods : RHP José Córdova
|
Batting: RHB Pedro Mata
|
0-0: Called Strike 0-1: Ground out 1-3 (Groundball, 15)
|
Batting: LHB Paco Rivera
|
0-0: Ball 1-0: Foul Ball, location: 2F 1-1: Ball 2-1: Foul Ball, location: 2F 2-2: Ball 3-2: Base on Balls
|
Batting: SHB Sloan James
|
0-0: Ball 1-0: Ball 2-0: SINGLE (Line Drive, 56D) Paco Rivera to second
|
Batting: LHB Clint Parkinson
|
0-0: Called Strike 0-1: Ball 1-1: Ball 2-1: Fielders Choice at 2nd, 3-6 (Groundball, 34) Paco Rivera to third
|
Batting: RHB Jonathan MacVey
|
0-0: Called Strike 0-1: Ball 1-1: Ball 2-1: Foul Ball, location: 2F 2-2: Ball 3-2: Fly out, F9 (Flyball, 9D)
|
Bottom of the 7th over - 0 run(s), 1 hit(s), 0 error(s), 2 left on base; Redwood City 3 - Las Vegas 3 |
TOP OF THE 8TH |
Redwood City Redwoods batting - Pitching for Las Vegas Stars : RHP Roberto Moreno
|
Pinch Hitting: LHB Richard Olvera
|
0-0: Called Strike 0-1: Swinging Strike 0-2: Ball 1-2: Foul Ball, location: 2F 1-2: Foul Ball, location: 2F 1-2: Ball 2-2: DOUBLE (Line Drive, 9LM)
|
Pinch Hitting: RHB Javier Ortíz
|
0-0: Intentional Walk
|
Pinch Hitting: LHB Marcos Vázquez
|
0-0: Ball 1-0: Swinging Strike 1-1: Fly out, F9 (Flyball, 89S)
|
Pitching: RHP Pepe Vázquez
|
|
Batting: RHB Robert Downing
|
0-0: Called Strike 0-1: Ball Richard Olvera steals 3rd base Javier Ortíz to second 1-1: Foul Ball, location: 2F 1-2: Foul Ball, location: 2F 1-2: Fly out, F8 (Flyball, 8RM) Runner from 3rd tags up, SCORES, no throw
|
Batting: LHB Keith Green
|
0-0: Ground out 6-3 (Groundball, 6S)
|
Top of the 8th over - 1 run(s), 1 hit(s), 0 error(s), 1 left on base; Redwood City 4 - Las Vegas 3 |
BOTTOM OF THE 8TH |
Las Vegas Stars batting - Pitching for Redwood City Redwoods : RHP José Córdova
|
Now at 3B: Luis Ramírez
|
|
Now at SS: Chris Hall
|
|
Now in RF: Marcos Vázquez
|
|
Batting: RHB Brandon Pope
|
0-0: Ball 1-0: Called Strike 1-1: Ball 2-1: Foul Ball, location: 2F 2-2: SINGLE (Groundball, 34D)
|
Pinch Hitting: LHB Nathan Frey
|
0-0: Foul Ball, location: 2F 0-1: Ball 1-1: Ball 2-1: Foul Ball, location: 2F 2-2: Fly out, F7 (Flyball, 7S)
|
Batting: RHB Bobby Miller
|
0-0: Ball 1-0: Foul Ball, location: 2F 1-1: Ball 2-1: Foul Ball, location: 2F 2-2: Strikes out swinging
|
Pitching: RHP Domingo Franco
|
|
Batting: SHB Richard Griffin
|
0-0: Called Strike 0-1: Ground out 1-3 (Groundball, 13)
|
Bottom of the 8th over - 0 run(s), 1 hit(s), 0 error(s), 1 left on base; Redwood City 4 - Las Vegas 3 |
TOP OF THE 9TH |
Redwood City Redwoods batting - Pitching for Las Vegas Stars : RHP Pepe Vázquez
|
Pitching: RHP Jorge Oliva
|
|
Now in LF: Nathan Frey
|
|
Batting: LHB Marcos Pérez
|
0-0: Ball 1-0: SINGLE (Groundball, 6MD)
|
Batting: LHB Bill McCraney
|
0-0: Ball 1-0: SINGLE (Flyball, 8RS) Marcos Pérez to second
|
Batting: LHB Vicente Chávez
|
0-0: Called Strike 0-1: Ball 1-1: Ball 2-1: Foul Ball, location: 2F 2-2: Strikes out swinging
|
Batting: RHB Richie Miller
|
0-0: Swinging Strike 0-1: Called Strike 0-2: Foul Ball, location: 2F 0-2: Strikes out swinging
|
Batting: RHB Luis Ramírez
|
0-0: Called Strike 0-1: Called Strike 0-2: Ball 1-2: Foul Ball, location: 2F 1-2: Foul Ball, location: 2F 1-2: Foul Ball, location: 2F 1-2: Ball 2-2: Strikes out swinging
|
Top of the 9th over - 0 run(s), 2 hit(s), 0 error(s), 2 left on base; Redwood City 4 - Las Vegas 3 |
BOTTOM OF THE 9TH |
Las Vegas Stars batting - Pitching for Redwood City Redwoods : RHP Domingo Franco
|
Pitching: LHP Henny van der Lack
|
|
Now at 1B: Carlos Gonzáles
|
|
Batting: RHB Pedro Mata
|
0-0: Ball 1-0: Swinging Strike 1-1: Reached on error, E5 (Groundball, 56)
|
Batting: LHB Paco Rivera
|
0-0: Ball 1-0: Ball 2-0: SINGLE (Groundball, 56D) Pedro Mata to second
|
Batting: SHB Sloan James
|
0-0: Foul Ball, location: 2F 0-1: Ball 1-1: Ball 2-1: Called Strike 2-2: Strikes out swinging
|
Pinch Hitting: SHB Héctor Barajas
|
0-0: Grounds into double play, 4-6-3 (Groundball, 4)
|
Bottom of the 9th over - 0 run(s), 1 hit(s), 1 error(s), 1 left on base; Redwood City 4 - Las Vegas 3 |
|